 Dungeon Crawl Stone Soup version 0.26-a0-651-gb41185065b (webtiles) character file.

Game seed: 7924162400370451119

160 tof the Twirler (level 5, -1/42 HPs)
             Began as a Demonspawn Gladiator on Sept 30, 2020.
             Slain by Edmund
             ... wielding a +3 dire flail of protection
              (10 damage)
             ... on level 3 of the Dungeon.
             The game lasted 00:06:10 (3580 turns).

tof the Twirler (Demonspawn Gladiator)              Turns: 3580, Time: 00:06:11

Health: -1/42      AC:  6    Str: 15    XL:     5   Next: 17%
Magic:  5/5        EV: 13    Int:  9    God:
Gold:   116        SH:  0    Dex: 15    Spells: 4/4 levels left

rFire    . . .     SeeInvis .   a - +0 quarterstaff
rCold    . . .     Faith    .   (shield currently unavailable)
rNeg     . . .     Spirit   .   p - +0 leather armour (curse)
rPois    .         Reflect  .   c - +0 helmet
rElec    .         Harm     .   y - scarf {repulsion}
rCorr    .         Rampage  .   f - +0 pair of gloves
MR       .....                  (no boots)
Stlth    +.........             h - amulet of the acrobat
HPRegen  0.14/turn              (no ring)
MPRegen  0.09/turn              (no ring)

@: lightly drained, repel missiles
A: talons 1, rugged brown scales 1, demonic guardian 1, powered by death 1
a: no special abilities


You were on level 3 of the Dungeon.
You visited 1 branch of the dungeon, and saw 4 of its levels.

You collected 116 gold pieces.

Inventory:

Hand Weapons
 a - a +0 quarterstaff (weapon)
Missiles
 d - 3 throwing nets
 m - 39 poisoned darts (quivered)
Armour
 b - a +0 leather armour
 c - a +0 helmet (worn)
 f - a +0 pair of gloves (worn)
 p - a cursed +0 leather armour (worn)
 y - a scarf of repulsion (worn)
Jewellery
 h - an amulet of the acrobat (around neck)
 l - an uncursed amulet of magic regeneration
Wands
 w - a wand of polymorph (13)
Scrolls
 e - a scroll of enchant armour {unknown}
 j - 3 scrolls of remove curse {unknown}
 k - a scroll of immolation {unknown}
 q - 2 scrolls of teleportation {unknown}
 r - a scroll of random uselessness {unknown}
 t - a scroll of enchant weapon {unknown}
 z - a scroll of blinking {unknown}
 A - a scroll of amnesia {unknown}
Potions
 g - 2 potions of curing {unknown}
 i - a potion of degeneration {unknown}
 n - a potion of lignification {unknown}
 o - 2 potions of mutation {unknown}
 s - a potion of flight {unknown}
 u - a potion of berserk rage {unknown}
 v - a potion of ambrosia {unknown}
 x - 2 potions of haste {unknown}


   Skills:
 + Level 3.1(3.0) Fighting
 + Level 3.5 Staves
 + Level 2.8 Throwing
 + Level 3.5 Dodging


You had 4 spell levels left.
You didn't know any spells.
Your spell library was empty.

Dungeon Overview and Level Annotations

Branches:
Dungeon (4/15)
 Temple: D:4-7

Altars:
Fedhas
Makhleb
Sif Muna
Vehumet
The Shining One

Annotations:
D:3 Edmund


Innate Abilities, Weirdness & Mutations

You have sharp toenails.
You are partially covered in rugged brown scales. (AC +1, +3% HP)
A weak demonic guardian rushes to your aid.
You regenerate a little health from kills.


Message History

Your white imp gestures at Edmund.
The puff of frost hits Edmund!
Your white imp gestures at Edmund.
The puff of frost hits Edmund but does no damage.
Your white imp gestures at Edmund.
The puff of frost hits Edmund but does no damage.
Edmund hits your white imp with a +3 dire flail of protection!
Your white imp dies!
Your white imp hits Edmund but does no damage.
Edmund hits something with a +3 dire flail of protection!
Edmund shouts!
Edmund says, "Everyone always remembers my brother. 'Who's Edmund?' they ask!"
Edmund barely misses you.
You closely miss Edmund. You claw Edmund, but do no damage.
Edmund is almost dead.
Edmund closely misses you.
You barely miss Edmund. You claw Edmund, but do no damage.
Edmund is almost dead.
Edmund hits you with a +3 dire flail of protection!
You die...

<....#.....####.......#
#.####.......##.......#
#.####.....#.#####.####
#............# #.# #####.#####..#
#.# #####.#####..# ##.##
...##.##.....####...## ##########
##...............###5###........#
####.##.##.<..@@# #>@5..######.#
#...>....###.###.##### #..
###...##.##.......# ###
#...##.##.##..#.#
#...##.##.##..#.#
#...##.....>..#.# ######### #
#...#####.###.#.# #.......#
#######.........###.#.# #.......#
........(........##.#.###.......#


You could see Edmund.

Vanquished Creatures
  4 gnolls (D:2)
  4 adders
  2 oozes (D:2)
  A worm (D:2)
  A dart slug (D:3)
  2 leopard geckos
  4 orcs (D:3)
  A giant cockroach (D:1)
  9 hobgoblins
  15 kobolds
  2 quokkas
  6 bats
  5 frilled lizards
  10 goblins
  7 rats
73 creatures vanquished.

Notes
Turn   | Place    | Note
-------+----------+-------------------------------------------
     0 | D:1      | tof the Demonspawn Gladiator began the quest for the Orb.
     0 | D:1      | Reached XP level 1. HP: 16/16 MP: 1/1
   310 | D:1      | Gained mutation: You have sharp toenails. [demonic
                  | ancestry]
   310 | D:1      | Reached XP level 2. HP: 22/22 MP: 2/2
   860 | D:1      | Gained mutation: You are partially covered in rugged brown
                  | scales. (AC +1, +3% HP) [demonic ancestry]
   860 | D:1      | Reached XP level 3. HP: 22/28 MP: 3/3
  1023 | D:2      | Found a shimmering blue altar of Sif Muna.
  1296 | D:2      | Found a burning altar of Makhleb.
  1613 | D:2      | Gained mutation: You regenerate a little health from kills.
                  | [demonic ancestry]
  1613 | D:2      | Reached XP level 4. HP: 35/35 MP: 4/4
  1623 | D:2      | Found a radiant altar of Vehumet.
  2837 | D:3      | Gained mutation: A weak demonic guardian rushes to your
                  | aid. [demonic ancestry]
  2837 | D:3      | Reached XP level 5. HP: 30/42 MP: 5/5
  3049 | D:3      | Found a glowing golden altar of the Shining One.
  3407 | D:3      | Found a blossoming altar of Fedhas.
  3516 | D:4      | Noticed Edmund
  3580 | D:3      | Slain by Edmund

Illustrated notes

Levels and vault maps discovered:
D:1:      scummos_arrival_hexagon, layout_loops_ring
D:2:      minmay_kobold_bridge, layout_loops_ring, lemuel_round_altar,
          lemuel_crystal_altar, old_standard_altar,
          wander_ebering_terrifying_dragon_lair
D:3:      layout_loops_cross, nicolae_overflow_crystal_walls, marbit_many_paths
D:4:      layout_basic, ebering_ghost_sewer_d, uniq_edmund

Skill      XL: |  1  2  3  4 |
---------------+-------------+-----
Throwing       | 2 |  2.8
Dodging        | 3 |  3.5
Staves         | 3 |  3.5
Fighting       | 3 |  3.1

Action                   |  1- 3 |  4- 6 || total
-------------------------+-------+-------++-------
Melee: Quarterstaff      |   109 |    93 ||   202
       Kick              |    13 |    31 ||    44
Throw: Dart              |       |     1 ||     1
 Stab: Distracted        |       |     1 ||     1
Armor: Leather armour    |    36 |    17 ||    53
Dodge: Dodged            |    88 |   112 ||   200

Table legend: (Time is in decaauts)
 A = Elapsed time spent in this place.
 B = Non-inter-level travel time spent in this place.
 C = Inter-level travel time spent in this place.
 D = Time resting spent in this place.
 E = Time spent auto-exploring this place.
 F = Levels seen in this place.
 G = Mean time per level.
                   A        B        C        D        E       F      G
               +--------+--------+--------+--------+--------+-----+--------+
         Total |   3613 |   3521 |     92 |   1039 |   1726 |   4 |  903.2 |
       Dungeon |   3613 |   3521 |     92 |   1039 |   1726 |   4 |  903.2 |
               +--------+--------+--------+--------+--------+-----+--------+

Top non-repeatable levels by time:
     D:2: 1351 daAuts
     D:1: 1339 daAuts
     D:3: 920 daAuts
     D:4: 1 daAuts
